TOP OF THE 1ST |
Manhatten Meatheads batting - Pitching for Lee's Summit Tigers : LHP António Ruíz
|
Pitching: LHP António Ruíz
|
|
Batting: RHB Luis Reynoso
|
0-0: Called Strike 0-1: Fly out, F7 (Flyball, 78M)
|
Batting: LHB Miguel Pérez
|
0-0: Called Strike 0-1: Ball 1-1: Foul Ball, location: 2F 1-2: Strikes out looking
|
Batting: SHB José Sousa
|
0-0: Ball 1-0: Swinging Strike 1-1: Ball 2-1: Called Strike 2-2: Foul Ball, location: 2F 2-2: Foul Ball, location: 2F 2-2: Fly out, F9 (Flyball, 89M)
|
Top of the 1st over - 0 run(s), 0 hit(s), 0 error(s), 0 left on base; Manhatten 0 - Lee's Summit 0 |
BOTTOM OF THE 1ST |
Lee's Summit Tigers batting - Pitching for Manhatten Meatheads : RHP Ricardo Montero
|
Pitching: RHP Ricardo Montero
|
|
Batting: RHB Jesús Ramos
|
0-0: Ball 1-0: Swinging Strike 1-1: Foul Ball, location: 2F 1-2: Ball 2-2: Fly out, F7 (Flyball, 7S)
|
Batting: RHB Ricardo Velásquez
|
0-0: Called Strike 0-1: Ball 1-1: Foul Ball, location: 2F 1-2: Ball 2-2: Ground out 6-3 (Groundball, 6S)
|
Batting: LHB Darren Holland
|
0-0: Ball 1-0: Ball 2-0: Foul Ball, location: 2F 2-1: Fly out, F8 (Line Drive, 89S)
|
Bottom of the 1st over - 0 run(s), 0 hit(s), 0 error(s), 0 left on base; Manhatten 0 - Lee's Summit 0 |
TOP OF THE 2ND |
Manhatten Meatheads batting - Pitching for Lee's Summit Tigers : LHP António Ruíz
|
Batting: RHB George Green
|
0-0: Swinging Strike 0-1: Foul Ball, location: 2F 0-2: Ball 1-2: Strikes out swinging
|
Batting: RHB José Esparza
|
0-0: Called Strike 0-1: Ball 1-1: Ball 2-1: Swinging Strike 2-2: Ball 3-2: Strikes out looking
|
Batting: LHB Eric Dillard
|
0-0: Ball 1-0: Ball 2-0: SINGLE (Line Drive, 4D)
|
Batting: RHB Pedro Delgado
|
Pickoff Throw to First - Error! E1 Eric Dillard to second 0-0: Ball 1-0: Foul Ball, location: 2F 1-1: Foul Ball, location: 2F 1-2: Ball 2-2: Foul Ball, location: 2F 2-2: Hit by Pitch
|
Batting: RHB Jeff Vickers
|
0-0: Called Strike 0-1: Fielders Choice at 2nd, 4-6 (Groundball, 4)
|
Top of the 2nd over - 0 run(s), 1 hit(s), 1 error(s), 1 left on base; Manhatten 0 - Lee's Summit 0 |
BOTTOM OF THE 2ND |
Lee's Summit Tigers batting - Pitching for Manhatten Meatheads : RHP Ricardo Montero
|
Batting: LHB Milo Powers
|
0-0: SINGLE (Groundball, 4MD)
|
Batting: LHB Dale Miller
|
0-0: Swinging Strike 0-1: Ground out 4-3 (Groundball, 34) Milo Powers to second
|
Batting: LHB Al Miller
|
0-0: Ground out 4-3 (Groundball, 4) Milo Powers to third
|
Batting: RHB Michael Hall
|
0-0: Ball 1-0: Ball 2-0: Called Strike 2-1: Ball 3-1: Swinging Strike 3-2: Base on Balls
|
Batting: RHB Hubert MacDonald
|
0-0: SINGLE (Groundball, 5S) (infield hit) Milo Powers scores Michael Hall to second
|
Batting: RHB César Martínez
|
0-0: Swinging Strike 0-1: Ball 1-1: Ball 2-1: Called Strike 2-2: Ball 3-2: Strikes out swinging
|
Bottom of the 2nd over - 1 run(s), 2 hit(s), 0 error(s), 2 left on base; Manhatten 0 - Lee's Summit 1 |
TOP OF THE 3RD |
Manhatten Meatheads batting - Pitching for Lee's Summit Tigers : LHP António Ruíz
|
Batting: LHB Hidalgo García
|
0-0: Ball 1-0: Fly out, F8 (Flyball, 8RM)
|
Batting: RHB Luis Reynoso
|
0-0: SINGLE (Groundball, 6MS) (infield hit)
|
Batting: LHB Miguel Pérez
|
0-0: Ball Luis Reynoso is caught stealing 2nd base 1-0: Called Strike 1-1: Ball 2-1: Fly out, F7 (Flyball, 7)
|
Top of the 3rd over - 0 run(s), 1 hit(s), 0 error(s), 0 left on base; Manhatten 0 - Lee's Summit 1 |
BOTTOM OF THE 3RD |
Lee's Summit Tigers batting - Pitching for Manhatten Meatheads : RHP Ricardo Montero
|
Batting: RHB Jesús Ramos
|
0-0: Foul Ball, location: 2F 0-1: SINGLE (Line Drive, 7S)
|
Batting: RHB Ricardo Velásquez
|
0-0: Called Strike 0-1: Ball 1-1: Ball 2-1: Fly out, F4 (Popup, 34)
|
Batting: LHB Darren Holland
|
0-0: Reached on error, E6 (Groundball, 6) Jesús Ramos to second
|
Batting: LHB Milo Powers
|
0-0: Foul Ball, location: 2F 0-1: Ball 1-1: Ball 2-1: Foul Ball, location: 2F 2-2: Foul Ball, location: 2F 2-2: Ball 3-2: Foul Ball, location: 2F 3-2: Foul Ball, location: 2F 3-2: Fielders Choice at 2nd, 6-4 (Groundball, 6) Jesús Ramos to third
|
Batting: LHB Dale Miller
|
0-0: Ball 1-0: Ball 2-0: Ball 3-0: Called Strike 3-1: Fly out, F8 (Line Drive, 8LS)
|
Bottom of the 3rd over - 0 run(s), 1 hit(s), 1 error(s), 2 left on base; Manhatten 0 - Lee's Summit 1 |
TOP OF THE 4TH |
Manhatten Meatheads batting - Pitching for Lee's Summit Tigers : LHP António Ruíz
|
Batting: SHB José Sousa
|
0-0: Called Strike 0-1: Ball 1-1: Foul Ball, location: 2F 1-2: Foul Ball, location: 2F 1-2: Ball 2-2: Foul Ball, location: 2F 2-2: Fly out, F8 (Flyball, 8RS)
|
Batting: RHB George Green
|
0-0: Called Strike 0-1: Swinging Strike 0-2: Foul Ball, location: 2F 0-2: Ball 1-2: Ball 2-2: Foul Ball, location: 2F 2-2: Strikes out looking
|
Batting: RHB José Esparza
|
0-0: Ball 1-0: Ball 2-0: Foul Ball, location: 2F 2-1: Foul Ball, location: 2F 2-2: Ball 3-2: Fly out, F5 (Line Drive, 5)
|
Top of the 4th over - 0 run(s), 0 hit(s), 0 error(s), 0 left on base; Manhatten 0 - Lee's Summit 1 |
BOTTOM OF THE 4TH |
Lee's Summit Tigers batting - Pitching for Manhatten Meatheads : RHP Ricardo Montero
|
Batting: LHB Al Miller
|
0-0: Called Strike 0-1: Swinging Strike 0-2: Ball 1-2: Foul Ball, location: 2F 1-2: Ball 2-2: Ground out U3 (Groundball, 34)
|
Batting: RHB Michael Hall
|
0-0: Called Strike 0-1: Called Strike 0-2: Fly out, F8 (Flyball, 8RD)
|
Batting: RHB Hubert MacDonald
|
0-0: Ball 1-0: Ball 2-0: Ball 3-0: Base on Balls
|
Batting: RHB César Martínez
|
0-0: Ball 1-0: Foul Ball, location: 2F 1-1: Foul Ball, location: 2F 1-2: Ball 2-2: Foul Ball, location: 2F 2-2: Foul Ball, location: 2F 2-2: Ball 3-2: Fly out, F8 (Flyball, 8LM)
|
Bottom of the 4th over - 0 run(s), 0 hit(s), 0 error(s), 1 left on base; Manhatten 0 - Lee's Summit 1 |
TOP OF THE 5TH |
Manhatten Meatheads batting - Pitching for Lee's Summit Tigers : LHP António Ruíz
|
Batting: LHB Eric Dillard
|
0-0: SINGLE (Groundball, 4D)
|
Batting: RHB Pedro Delgado
|
0-0: Ball 1-0: Called Strike 1-1: Swinging Strike 1-2: SINGLE (Groundball, 6D) Eric Dillard to second
|
Batting: RHB Jeff Vickers
|
0-0: Foul Ball, location: 2F 0-1: Ball 1-1: SINGLE (Groundball, 6M) (infield hit) Eric Dillard to third Pedro Delgado to second
|
Batting: LHB Hidalgo García
|
0-0: Ball 1-0: Foul Ball, location: 2F 1-1: Ball 2-1: Ball 3-1: Base on Balls Eric Dillard scores Pedro Delgado to third Jeff Vickers to second
|
Batting: RHB Luis Reynoso
|
0-0: Called Strike 0-1: Ball 1-1: Ball 2-1: Fly out, F7 (Flyball, 7LM) Throwing error, E7 Pedro Delgado scores Jeff Vickers to third Hidalgo García to second
|
Batting: LHB Miguel Pérez
|
0-0: Ground out U3 (Groundball, 34) Jeff Vickers scores Hidalgo García to third
|
Batting: SHB José Sousa
|
0-0: Ball 1-0: Called Strike 1-1: Called Strike 1-2: Ground out 6-3 (Groundball, 6)
|
Top of the 5th over - 3 run(s), 3 hit(s), 1 error(s), 1 left on base; Manhatten 3 - Lee's Summit 1 |
BOTTOM OF THE 5TH |
Lee's Summit Tigers batting - Pitching for Manhatten Meatheads : RHP Ricardo Montero
|
Batting: RHB Jesús Ramos
|
0-0: Foul Ball, location: 2F 0-1: Ball 1-1: Swinging Strike 1-2: Strikes out looking
|
Batting: RHB Ricardo Velásquez
|
0-0: Called Strike 0-1: Ball 1-1: Ball 2-1: Ball 3-1: Base on Balls
|
Batting: LHB Darren Holland
|
0-0: Ball 1-0: Called Strike 1-1: Ball 2-1: Swinging Strike 2-2: Strikes out looking
|
Pitching: RHP Ángel Antonio
|
|
Batting: LHB Milo Powers
|
0-0: Ball 1-0: DOUBLE (Line Drive, 9LM) Ricardo Velásquez to third Runner from 3rd tries for Home, SAFE, no throw
|
Batting: LHB Dale Miller
|
0-0: Ground out U3 (Groundball, 34)
|
Bottom of the 5th over - 1 run(s), 1 hit(s), 0 error(s), 1 left on base; Manhatten 3 - Lee's Summit 2 |
TOP OF THE 6TH |
Manhatten Meatheads batting - Pitching for Lee's Summit Tigers : LHP António Ruíz
|
Pitching: LHP Bob Franklin
|
|
Batting: RHB George Green
|
0-0: Swinging Strike 0-1: Fly out, F9 (Flyball, 9S)
|
Batting: RHB José Esparza
|
0-0: Ball 1-0: Called Strike 1-1: Ball 2-1: Ball 3-1: Foul Ball, location: 2F 3-2: Foul Ball, location: 2F 3-2: Strikes out looking
|
Batting: LHB Eric Dillard
|
0-0: Swinging Strike 0-1: Foul Ball, location: 2F 0-2: Strikes out swinging
|
Top of the 6th over - 0 run(s), 0 hit(s), 0 error(s), 0 left on base; Manhatten 3 - Lee's Summit 2 |
BOTTOM OF THE 6TH |
Lee's Summit Tigers batting - Pitching for Manhatten Meatheads : RHP Ángel Antonio
|
Batting: LHB Al Miller
|
0-0: Foul Ball, location: 2F 0-1: Ball 1-1: Foul Ball, location: 2F 1-2: Ball 2-2: Ball 3-2: SINGLE (Groundball, 56D)
|
Batting: RHB Michael Hall
|
0-0: Foul Ball, location: 2F 0-1: Ball 1-1: Ball 2-1: Ball 3-1: Base on Balls Al Miller to second
|
Batting: RHB Hubert MacDonald
|
0-0: Ball 1-0: DOUBLE (Line Drive, 78D) Al Miller scores Michael Hall to third Runner from 3rd tries for Home, SAFE, no throw
|
Batting: RHB César Martínez
|
0-0: Ground out 4-3 (Groundball, 4) Hubert MacDonald to third
|
Now at 2B: Ismael Hidalgo
|
|
Batting: RHB Jesús Ramos
|
0-0: Called Strike 0-1: Foul Ball, location: 2F 0-2: Foul Ball, location: 2F 0-2: Strikes out looking
|
Batting: RHB Ricardo Velásquez
|
0-0: Called Strike 0-1: Foul Ball, location: 2F 0-2: Strikes out swinging, 2-3 out at first.
|
Bottom of the 6th over - 2 run(s), 2 hit(s), 0 error(s), 1 left on base; Manhatten 3 - Lee's Summit 4 |
TOP OF THE 7TH |
Manhatten Meatheads batting - Pitching for Lee's Summit Tigers : LHP Bob Franklin
|
Batting: RHB Pedro Delgado
|
0-0: Fly out, F8 (Flyball, 78M)
|
Batting: RHB Ismael Hidalgo
|
0-0: Ball 1-0: Fly out, F9 (Flyball, 9)
|
Batting: LHB Hidalgo García
|
0-0: Ball 1-0: Ball 2-0: Ball 3-0: Called Strike 3-1: Foul Ball, location: 2F 3-2: Base on Balls
|
Batting: RHB Luis Reynoso
|
0-0: Ball 1-0: Foul Ball, location: 2F 1-1: Called Strike 1-2: Ball 2-2: SINGLE (Groundball, 6MD) Hidalgo García to second Runner from 2nd tries for 3rd, OUT!
|
Top of the 7th over - 0 run(s), 1 hit(s), 0 error(s), 1 left on base; Manhatten 3 - Lee's Summit 4 |
BOTTOM OF THE 7TH |
Lee's Summit Tigers batting - Pitching for Manhatten Meatheads : RHP Ángel Antonio
|
Batting: LHB Darren Holland
|
0-0: Ball 1-0: Ball 2-0: Ball 3-0: Called Strike 3-1: Base on Balls
|
Batting: LHB Milo Powers
|
0-0: Ball 1-0: Ball 2-0: Ball Wild Pitch! Darren Holland to second 3-0: Called Strike 3-1: Base on Balls
|
Pinch Hitting: LHB Dudley Cooper
|
0-0: Ball 1-0: Called Strike 1-1: Foul Ball, location: 2F 1-2: Ball 2-2: Ball 3-2: Fielders Choice at 2nd, 3-6 (Groundball, 34) Darren Holland to third
|
Batting: LHB Al Miller
|
0-0: Foul Ball, location: 2F 0-1: Called Strike 0-2: Ball 1-2: Ball 2-2: SINGLE (Groundball, 4D) Darren Holland scores Dudley Cooper to second Runner from 2nd tries for 3rd, SAFE, throw made to third
|
Pitching: LHP Anthony Robinson
|
|
Batting: RHB Michael Hall
|
0-0: 3-RUN HOME RUN (Flyball, 78XD), Distance : 383 ft
|
Batting: RHB Hubert MacDonald
|
0-0: Ball 1-0: Foul Ball, location: 2F 1-1: Swinging Strike 1-2: Ball 2-2: Ball 3-2: SINGLE (Groundball, 56D)
|
Batting: RHB César Martínez
|
0-0: Hit by Pitch Hubert MacDonald to second
|
Batting: RHB Jesús Ramos
|
0-0: Swinging Strike 0-1: Foul Ball, location: 2F 0-2: Ball 1-2: Foul Ball, location: 2F 1-2: Foul Ball, location: 2F 1-2: Ball 2-2: Foul Ball, location: 2F 2-2: Foul Ball, location: 2F 2-2: Ball 3-2: Strikes out swinging
|
Batting: RHB Ricardo Velásquez
|
0-0: Foul Ball, location: 2F 0-1: Ball 1-1: Ball 2-1: Fielders Choice at 2nd, 6-4 (Groundball, 6)
|
Bottom of the 7th over - 4 run(s), 3 hit(s), 0 error(s), 1 left on base; Manhatten 3 - Lee's Summit 8 |
TOP OF THE 8TH |
Manhatten Meatheads batting - Pitching for Lee's Summit Tigers : LHP Bob Franklin
|
Now in LF: Dudley Cooper
|
|
Batting: LHB Miguel Pérez
|
0-0: Ball 1-0: Ball 2-0: Ground out 6-3 (Groundball, 6)
|
Batting: SHB José Sousa
|
0-0: Ball 1-0: Called Strike 1-1: Fly out, F5 (Line Drive, 5)
|
Batting: RHB George Green
|
0-0: Foul Ball, location: 2F 0-1: Ball 1-1: Foul Ball, location: 2F 1-2: Fly out, F8 (Line Drive, 8LXD)
|
Top of the 8th over - 0 run(s), 0 hit(s), 0 error(s), 0 left on base; Manhatten 3 - Lee's Summit 8 |
BOTTOM OF THE 8TH |
Lee's Summit Tigers batting - Pitching for Manhatten Meatheads : LHP Anthony Robinson
|
Batting: LHB Darren Holland
|
0-0: Called Strike 0-1: Fly out, F8 (Flyball, 8LM)
|
Batting: LHB Milo Powers
|
0-0: Ball 1-0: Called Strike 1-1: Foul Ball, location: 2F 1-2: Strikes out swinging
|
Pitching: RHP Jesús Medina
|
|
Batting: LHB Dudley Cooper
|
0-0: Ball 1-0: Ground out U3 (Groundball, 34)
|
Bottom of the 8th over - 0 run(s), 0 hit(s), 0 error(s), 0 left on base; Manhatten 3 - Lee's Summit 8 |
TOP OF THE 9TH |
Manhatten Meatheads batting - Pitching for Lee's Summit Tigers : LHP Bob Franklin
|
Now at C: Steve Johnson
|
|
Batting: RHB José Esparza
|
0-0: Fly out, F8 (Line Drive, 8RD)
|
Batting: LHB Eric Dillard
|
0-0: Called Strike 0-1: Called Strike 0-2: Foul Ball, location: 2F 0-2: Ball 1-2: Foul Ball, location: 2F 1-2: Ball 2-2: Ball 3-2: Base on Balls
|
Batting: RHB Pedro Delgado
|
0-0: Ball 1-0: Foul Ball, location: 2F 1-1: Ground out 5-3 (Groundball, 56S) Eric Dillard to second
|
Batting: RHB Ismael Hidalgo
|
0-0: Swinging Strike 0-1: Foul Ball, location: 2F 0-2: Ball 1-2: Foul Ball, location: 2F 1-2: Strikes out swinging
|
Top of the 9th over - 0 run(s), 0 hit(s), 0 error(s), 1 left on base; Manhatten 3 - Lee's Summit 8 |
|